 Dungeon Sprint DCSS version 0.28-a0-1616-g050a50673c (webtiles) character file.

Game seed: 12206234460626542969

340 rocky1 the Cleaver (level 6, -1/62 HPs)
             Began as an Ogre Fighter on Jan 23, 2022.
             Was a Follower of Okawaru.
             Slain by Menkaure (13 damage)
             ... in the Dungeon (Sprint VII: "The Pits").
             The game lasted 00:02:16 (892 turns).

rocky1 the Cleaver (Ogre Fighter)                    Turns: 892, Time: 00:02:16

Health: -1/62      AC:  3    Str: 23    XL:     6   Next: 56%
Magic:  6/6        EV:  9    Int:  9    God:    Okawaru [*.....]
Gold:   0          SH:  9    Dex:  8    Spells: 5/5 levels left

rFire   . . .      SeeInvis .   m - +1 hand axe (freeze)
rCold   . . .      Faith    .   c - +0 kite shield
rNeg    . . .      Spirit   .   b - +0 robe
rPois   .          Reflect  .   (helmet restricted)
rElec   .          Harm     .   (no cloak)
rCorr   .          Rampage  .   (gloves unavailable)
Will    .....      NoTele   +   (boots unavailable)
Stlth   +.........              (no amulet)
HPRegen 0.20/turn               (no ring)
MPRegen 0.10/turn               (no ring)

@: no status effects
A: large, unfitting armour, tough skin 1
a: Renounce Religion, Heroism


You were in the Dungeon.
You worshipped Okawaru.
Okawaru was aware of your devotion.
You visited 1 branch

Inventory:

Hand Weapons
 f - a +2 vorpal flail
 m - a +1 hand axe of freezing (weapon)
Armour
 b - a +0 robe (worn)
 c - a +0 kite shield (worn)
Scrolls
 j - a scroll of blinking
 l - 5 scrolls of amnesia
Potions
 d - a potion of might
 e - 6 potions of curing
 g - a potion of haste
 h - 4 potions of magic
 i - 2 potions of berserk rage
 k - 2 potions of invisibility
 n - 3 potions of heal wounds


   Skills:
 - Level 4.0 Fighting
 + Level 9.6 Axes
 + Level 0.9 Armour
 + Level 3.0 Dodging
 + Level 9.0 Shields
 + Level 1.2 Invocations


You had 5 spell levels left.
You didn't know any spells.
Your spell library was empty.

Dungeon Overview and Level Annotations

Branches:
Dungeon (1/1)

Altars:
Ashenzari
Cheibriados
Dithmenos
Elyvilon
Fedhas
Gozag
Hepliaklqana
Kikubaaqudgha
Makhleb
Nemelex Xobeh
Okawaru
Qazlal
Ru
Sif Muna
Trog
Uskayaw
Vehumet
Wu Jian
Xom
Yredelemnul
Zin
The Shining One
Beogh
Jiyva
Lugonu

Annotations:
D Menkaure


Innate Abilities, Weirdness & Mutations

You are too large for most types of armour.
You have tough skin. (AC +1)


Message History

You see here a +0 club.
You hit the gnoll shaman. You freeze the gnoll shaman.
The gnoll shaman is severely wounded.
Menkaure breathes soot at you.
Menkaure mumbles some strange words.
Menkaure seems to speed up.
The gnoll shaman hits you with a +0 club!
* * * LOW HITPOINT WARNING * * *
You feel much better.
The gnoll shaman hits you with a +0 club!
Unknown command.
You hit the gnoll shaman. You freeze the gnoll shaman.
The gnoll shaman is almost dead.
The gnoll shaman hits you with a +0 club!
You hit the gnoll shaman. You freeze the gnoll shaman.
You kill the gnoll shaman!
Okawaru accepts your kill.
Your Shields skill increases to level 9!
Your Invocations skill increases to level 1!
You barely miss the gnoll. You hit the gnoll. You freeze the gnoll.
The gnoll is heavily wounded.
The gnoll completely misses you.
Menkaure hums, "Let me perform the rites..."
You completely miss the gnoll.
The gnoll is heavily wounded.
You block the gnoll's attack.
You closely miss the gnoll.
The gnoll is heavily wounded.
You block the gnoll's attack.
Menkaure calls on the powers of darkness!
The gnoll convulses!
Your body is wracked with pain!
* * * LOW HITPOINT WARNING * * *
You slash the gnoll! You freeze the gnoll.
You kill the gnoll!
Okawaru accepts your kill.
Your Dodging skill increases to level 3!
You hit Menkaure but do no damage. You block Menkaure's attack.
Menkaure hits you!
You die...

#.#.....#[[##.......#
#)#.....#'###...<...#
#)#........##.......#
#.#........##.......#
#'###########.......#
#.......#.. #########
#..###..#.#
#.......#M#
##.###.##@#
#.......#.+
#..###..#'#
#.......'.#
###########


You could see Menkaure (fast).

Vanquished Creatures
  An orc warrior (D)
  A necrophage (D)
  A crimson imp (D)
  A gnoll shaman (D)
  An iguana (D)
  A mummy (D)
  3 gnolls (D)
  A river rat (D)
  A white imp (D)
  2 ufetubi (D)
  2 orcs (D)
  2 giant cockroaches (D)
  3 jackals (D)
  A quokka (D)
  A ball python skeleton (D)
  A kobold (D)
  A rat (D)
24 creatures vanquished.

Notes
Turn   | Place    | Note
-------+----------+-------------------------------------------
     0 | D        | rocky1 the Ogre Fighter began the quest for the Orb.
     0 | D        | Reached XP level 1. HP: 24/24 MP: 1/1
    29 | D        | Found a bloodstained altar of Trog.
    29 | D        | Found a shimmering blue altar of Sif Muna.
    29 | D        | Found a viscous altar of Jiyva.
    29 | D        | Found a hazy altar of Hepliaklqana.
    29 | D        | Found an opulent altar of Gozag.
    30 | D        | Found a glowing golden altar of the Shining One.
    30 | D        | Found a glowing silver altar of Zin.
    30 | D        | Found a basalt altar of Yredelemnul.
    30 | D        | Found a shimmering altar of Xom.
    30 | D        | Found an ornate altar of the Wu Jian Council.
    30 | D        | Found a sacrificial altar of Ru.
    30 | D        | Found a stormy altar of Qazlal.
    30 | D        | Found an iron altar of Okawaru.
    30 | D        | Found a sparkling altar of Nemelex Xobeh.
    30 | D        | Found a burning altar of Makhleb.
    30 | D        | Found a blossoming altar of Fedhas.
    30 | D        | Found a white marble altar of Elyvilon.
    30 | D        | Found a shadowy altar of Dithmenos.
    30 | D        | Found a snail-covered altar of Cheibriados.
    34 | D        | Found a corrupted altar of Lugonu.
    34 | D        | Found a radiant altar of Vehumet.
    35 | D        | Found a broken altar of Ashenzari.
    35 | D        | Found an ancient bone altar of Kikubaaqudgha.
    35 | D        | Found a hide-covered altar of Uskayaw.
    40 | D        | Became a worshipper of Warmaster Okawaru
   190 | D        | Reached XP level 2. HP: 32/32 MP: 2/2
   332 | D        | Reached skill level 5 in Axes
   332 | D        | Reached skill level 5 in Shields
   332 | D        | Reached XP level 3. HP: 31/39 MP: 3/3
   522 | D        | Noticed an orc warrior
   523 | D        | Noticed a necrophage
   536 | D        | Killed a necrophage
   537 | D        | Reached XP level 4. HP: 39/48 MP: 4/4
   537 | D        | Reached XP level 5. HP: 44/54 MP: 5/5
   542 | D        | Killed an orc warrior
   542 | D        | Reached * piety under Okawaru
   543 | D        | Reached XP level 6. HP: 47/62 MP: 6/6
   878 | D        | Noticed Menkaure
   887 | D        | Reached skill level 1 in Invocations
   892 | D        | Slain by Menkaure

Illustrated notes

Levels and vault maps discovered:
D:        pitsprint [storerooms_1, entrance_room_1, metal_vault_5, armoury_2,
          mini_pit_1, grid_room_1, main_hall_1, silver_pit, the_coven_2,
          the_vestibule_1, steel_vault_2, golden_pit, hallway_of_sentries,
          crystal_vault_4, iron_vault_3, final_vault]

Skill      XL: |  1  2  3  4  5  6 |
---------------+-------------------+-----
Shields        | 3 5 7 8 9 |  9.0
Axes           | 3 5 7 8 9 |  9.6
Invocations    | 1 |  1.2
Dodging        | 3 |  3.0
Fighting       | |  4.0
Armour         | |  0.9

Action                   |  1- 3 |  4- 6 || total
-------------------------+-------+-------++-------
Melee: War axe           |    36 |       ||    36
       Hand axe          |     6 |    36 ||    42
  Use: Potion            |     2 |     2 ||     4
Armor: Robe              |    13 |     1 ||    14
Dodge: Dodged            |    17 |     8 ||    25
Block: Kite shield       |    17 |    14 ||    31

Table legend: (Time is in decaauts)
 A = Elapsed time spent in this place.
 B = Non-inter-level travel time spent in this place.
 C = Inter-level travel time spent in this place.
 D = Time resting spent in this place.
 E = Time spent auto-exploring this place.
 F = Levels seen in this place.
 G = Mean time per level.
                   A        B        C        D        E       F      G
               +--------+--------+--------+--------+--------+-----+--------+
         Total |    914 |    896 |     18 |    623 |      0 |   1 |  914.0 |
       Dungeon |    914 |    896 |     18 |    623 |      0 |   1 |  914.0 |
               +--------+--------+--------+--------+--------+-----+--------+

Top non-repeatable levels by time:
       D: 914 daAuts
